[Event "Benidorm Open-A 2022"]
[Site "Benidorm"]
[Date "2022.12.06"]
[Round "4.18"]
[White "Palomo Teruel, Xavier"]
[Black "Kuipers, Eelco"]
[Result "0-1"]
[ECO "A25"]
[WhiteElo "2040"]
[BlackElo "2311"]
[Annotator "TA"]
[PlyCount "94"]
[EventDate "2022.12.03"]
[EventType "swiss"]
[EventCountry "ESP"]
[SourceTitle "playchess.com"]
[Source "ChessBase"]
[SourceQuality "1"]
[TimeControl "5400+30"]

1. c4 e5 2. Nc3 Nc6 3. g3 f5 4. Bg2 Nf6 5. d3 Bb4 6. Bd2 O-O 7. Nd5 Bxd2+ {A25: English Opening vs King's Indian with ...Nc6 but without early d3.} (7... Nxd5 {simplifies} 8. cxd5 Bxd2+ 9. Qxd2 Ne7) 8. Qxd2 Ne7 {[#]} 9. f4 $146 ({Predecessor:} 9. Nxe7+ Qxe7 10. e3 d6 11. Ne2 Rb8 12. O-O Qe8 13. Qa5 Qd8 14. Qxa7 Bd7 15. Qa3 {0-1 (53) Timofeev,A (2335)-Rusanov,M (2436) Peterhof 2007}) 9... Nexd5 {The position is equal.} 10. cxd5 Qe7 11. fxe5 Qxe5 12. Qc3 Qd6 (12... Qe3 {with more complications.} 13. Rc1 c6 14. Nh3 Re8) 13. Rc1 c6 14. Qc5 (14. Qa3 $11 {keeps the balance.} Qe5 15. Qc3) 14... Qxc5 $17 15. Rxc5 d6 16. Rc1 c5 ({Much worse is} 16... cxd5 17. Nf3 $11) 17. Nh3 Bd7 18. Nf4 Rfe8 19. h4 g6 20. Bf3 a5 21. Kf2 Kg7 (21... Rac8 $17) 22. d4 $11 b6 23. Ne6+ Bxe6 24. dxe6 Rab8 25. d5 b5 26. Rc2 Rec8 27. Ra1 Rc7 28. a4 c4 29. Ke3 b4 30. Rac1 c3 31. bxc3 (31. Kd4 $14) 31... b3 $15 32. Rb2 {[#] Black must now prevent Kd3.} Rc4 33. Kd3 Rxa4 {And now ...Ng4 would win.} 34. Rcb1 Ra3 35. c4 ({Much weaker is} 35. e4 fxe4+ 36. Bxe4 Ng4 $17) 35... a4 36. Kd4 Rc8 37. Kc3 {aiming for Kb4.} Rb8 38. Rd1 Kf8 39. c5 $1 Ke7 $36 {[%mdl 2048] Black has the initiative.} ({Don't play} 39... dxc5 40. d6 $16) 40. c6 Ne8 41. Rd4 $2 {[%mdl 8192] [#]} (41. g4 $11 {and White has nothing to worry.}) 41... Ra1 $1 $19 {Black is clearly winning.} 42. e4 Nc7 {Hoping for ...Nb5+.} 43. Rd1 Rxd1 44. Bxd1 fxe4 {Threatens to win with ...Nb5+.} 45. Kd4 Rb4+ (45... a3 $142 46. Rxb3 a2 47. Kxe4 Rxb3 48. Bxb3 a1=Q) 46. Ke3 Nxd5+ 47. Kd2 Kxe6 {Weighted Error Value: White=0.56/Black=0.31} 0-1

[Event "Benidorm Open-A 2022"]
[Site "Benidorm"]
[Date "2022.12.06"]
[Round "4.19"]
[White "Cruz Lledo, Pablo"]
[Black "Kocak, Ediz"]
[Result "1-0"]
[ECO "D30"]
[WhiteElo "2404"]
[BlackElo "2115"]
[Annotator "TA"]
[PlyCount "111"]
[EventDate "2022.12.03"]
[EventType "swiss"]
[EventCountry "ESP"]
[SourceTitle "playchess.com"]
[Source "ChessBase"]
[SourceQuality "1"]
[TimeControl "5400+30"]

1. d4 d5 2. c4 e6 3. Nf3 Nf6 4. g3 Bb4+ 5. Bd2 Be7 6. Qc2 O-O 7. Bg2 c6 8. O-O Nbd7 9. Rd1 b6 10. a4 Ba6 11. b3 c5 {E15: Queen's Indian: 4 g3 sidelines, 4 g3 Ba6 and 4 g3 Bb7 early deviations.} 12. Na3 {[#]} (12. Nc3 {looks sharper.} dxc4 13. bxc4 Bxc4 14. Ne5) 12... dxc4 $146 (12... Bb7 $11) ({Predecessor:} 12... Bb7 13. cxd5 Bxd5 14. Qb2 cxd4 15. Nxd4 Bxg2 16. Kxg2 Qc8 17. b4 Qb7+ 18. Kg1 Ne4 19. Be3 {½-½ (62) Papaioannou,I (2652)-Adams,M (2727) Heraklion 2017}) 13. Nxc4 $14 Bb7 {White has an edge.} 14. Bf4 Nd5 {[#]} (14... Bd5 $11) 15. dxc5 $1 $16 {White has more active pieces. The black rooks are badly placed.} Nxc5 16. e4 {Prevents f5.} (16. Rac1 {seems wilder.} Qc8 17. Nd6 Qd7 18. Nxb7 Qxb7 19. Ng5) 16... Nb4 17. Qe2 Qc8 18. Bd6 (18. Nd6 $16 Bxd6 19. Bxd6) 18... Bxd6 $11 19. Nxd6 Qc7 20. Qc4 a5 21. Nxb7 (21. Qc3 {is interesting.} Rad8 22. Nxb7 Qxb7 23. Ne5) 21... Qxb7 22. e5 Rad8 23. Nd4 $1 Qc7 24. f4 Nca6 25. Bf1 Qxc4 26. Bxc4 {[#] Hoping for f5.} Nc5 27. Rac1 Na2 {Pair of Knights!} 28. Rc2 (28. Nc6 $5 ) 28... Nb4 29. Rcc1 h6 30. f5 Ncd3 31. Bxd3 (31. Nxe6 {is more complex.} fxe6 32. fxe6 Rde8 33. e7+) 31... Rxd4 32. Bb1 ({White should play} 32. Bc4 $1 $14 Rxd1+ 33. Rxd1) 32... Rxd1+ 33. Rxd1 {[%mdl 4096] Endgame KRB-KRN} Nd5 34. fxe6 fxe6 35. Bd3 Rf3 36. Bc4 Kf8 37. Rd4 Ke7 38. Bxd5 exd5 39. Rxd5 Rxb3 {KR-KR} 40. Rd6 Rb2 41. Rc6 Kf7 42. h4 h5 43. Rc7+ Kg6 44. e6 Kf6 (44... Rb4 {simplifies} 45. Rb7 Kf6 46. Rf7+ Kxe6 47. Rxg7 Kd6) 45. e7 Kf7 {Against e8Q+} 46. e8=Q+ Kxe8 47. Rxg7 Rb4 48. Rb7 Kd8 49. Kf2 Kc8 50. Rh7 Rxa4 {White must now prevent ...Ra1.} 51. Rxh5 Rb4 52. Rh8+ Kb7 53. h5 {[%cal Bh4h5,Bh5h6,Bh6h7][%mdl 32] And now h6 would win.} Rb2+ 54. Kg1 a4 {aiming for ...a3.} 55. h6 Rc2 $2 (55... a3 $2 56. h7 Rb1+ 57. Kg2 (57. Kf2 $2 Rh1 $19) 57... Rb2+ 58. Kh3 $18 (58. Kf3 $2 Rh2 $19)) (55... Rb1+ $11 56. Kg2 Rb2+ 57. Kh3 (57. Kf3 Rh2 $11) 57... Rb1) 56. h7 {Weighted Error Value: White=0.10 (very precise) /Black=0.15 (very precise)} 1-0

[Event "Benidorm Open-A 2022"]
[Site "Benidorm"]
[Date "2022.12.06"]
[Round "4.20"]
[White "Plaskett, H James"]
[Black "Panjer, Sidney"]
[Result "1/2-1/2"]
[ECO "E33"]
[WhiteElo "2365"]
[BlackElo "2115"]
[Annotator "TA"]
[PlyCount "60"]
[EventDate "2022.12.03"]
[EventType "swiss"]
[EventCountry "ESP"]
[SourceTitle "playchess.com"]
[Source "ChessBase"]
[SourceQuality "1"]
[TimeControl "5400+30"]

1. c4 e6 2. d4 Nf6 3. Nf3 Nc6 4. Nc3 Bb4 5. Qc2 d6 6. a3 Bxc3+ 7. Qxc3 O-O 8. b4 e5 9. d5 {E33: Nimzo-Indian: Classical: 4...Nc6.} Ne7 {[#]} 10. e3 $146 ({Predecessor:} 10. g3 Bf5 11. Bg2 Qd7 12. O-O Bh3 13. Bg5 Bxg2 14. Kxg2 Ne4 15. Qc2 Nxg5 16. Nxg5 Qf5 17. Qxf5 Nxf5 {1-0 (52) Hochstrasser,M (2298)-Vianin,P (2196) Switzerland 2018}) 10... a5 11. Bb2 (11. b5 $15) 11... axb4 12. axb4 Rxa1+ 13. Bxa1 b5 $1 14. Nd2 $1 bxc4 15. e4 {[#]} c6 $1 16. dxc6 Nxc6 {Strongly threatening ...d5.} 17. Bxc4 {[#]} Qb6 (17... d5 $1 $17 18. exd5 Nxd5) 18. b5 Nd4 19. Qd3 Be6 20. Bxd4 exd4 21. O-O d5 {The position is equal.} 22. exd5 Nxd5 23. Bxd5 Bxd5 24. Re1 h6 25. Re5 Rd8 26. h3 Be6 27. Nf3 Qd6 28. Re1 Qb4 29. Kh1 Qc3 30. Rd1 {aiming for Qxc3.} Qb4 {Weighted Error Value: White=0.09 (flawless) /Black=0.11 (very precise)} 1/2-1/2

[Event "Benidorm Open-A 2022"]
[Site "Benidorm"]
[Date "2022.12.06"]
[Round "4.21"]
[White "Cabezas Ayala, Ivan"]
[Black "Sanchez Manzanares, Jorge Luis"]
[Result "1/2-1/2"]
[ECO "B76"]
[WhiteElo "2259"]
[BlackElo "2095"]
[Annotator "TA"]
[PlyCount "78"]
[EventDate "2022.12.03"]
[EventType "swiss"]
[EventCountry "ESP"]
[SourceTitle "playchess.com"]
[Source "ChessBase"]
[SourceQuality "1"]
[TimeControl "5400+30"]

1. e4 {Rogozenco,Dorian} c5 2. Nf3 d6 3. d4 cxd4 4. Nxd4 Nf6 5. Nc3 g6 6. Be3 Bg7 7. f3 O-O 8. Qd2 Nc6 9. O-O-O d5 10. exd5 Nxd5 11. Nxc6 bxc6 12. Bd4 e5 13. Bc5 Be6 14. Ne4 Re8 15. h4 Nf4 16. g3 {[%cal Bg2g3,Bg3g4,Bg4g5][%mdl 32] B76: Sicilian Dragon: Yugoslav Attack, 9 g4 and 9 0-0-0.} (16. Qe1 {looks sharper.} Bd5 17. h5 f5 18. hxg6 fxe4 19. fxe4 Qg5 20. Be3) 16... Qxd2+ 17. Rxd2 Nh5 18. g4 {White is slightly better.} Nf6 19. Bd3 {[#]} (19. Nxf6+ {simplifies} Bxf6 20. Bd3 Bg7 21. Be4) 19... Red8 $146 ({Predecessor:} 19... Nd7 20. Be3 Nb6 21. h5 Nd5 22. Bc5 Red8 23. hxg6 hxg6 24. Ba6 Rd7 25. Ng5 Nf4 26. Nxe6 Nxe6 27. Rxd7 Nxc5 {1-0 (50) Shirov,A (2705)-Polzin,R (2514) Germany 2006 CBM 112 [Rogozenco,Dorian]}) 20. Ng5 Bd5 21. c4 {White is more active.} Bxf3 22. Nxf3 $18 e4 23. g5 $1 exf3 24. Be7 $2 {A strong pair of Bishops.} (24. gxf6 $18 {is the precise move to win.} Bh6 25. Kc2 $1) 24... Ng4 $16 {White must now prevent ...Rd7.} 25. Bxd8 Rxd8 26. Rg1 ({White should play} 26. Rf1 $16) 26... Ne3 $2 (26... Rd4 $15 {keeps the upper hand.} 27. Bf1 h5) 27. Rg3 $1 $18 Rxd3 28. Rxd3 f2 29. Rf3 (29. Rdxe3 $2 {too greedy.} f1=Q+ 30. Kc2 Qxc4+ 31. Kb1 Qf1+ 32. Kc2 Qf2+ 33. Kd1 Be5 $1 $19 ) ({Don't play} 29. Rd8+ $6 Bf8 30. Rf3 (30. Rxe3 $2 {loses.} f1=Q+ 31. Kd2 Qf4 $19) 30... f1=Q+ 31. Rxf1 Nxf1) 29... f1=Q+ (29... f1=R+ $16 30. Rxf1 Nxf1) 30. Rxf1 {Really sharp!} Nxf1 {[#]} 31. b4 $1 Be5 ({Black should try} 31... Ba1) 32. c5 ({Better is} 32. Kc2 $16) 32... Ng3 $2 (32... Ne3 $11 {and Black stays safe.}) 33. Ra3 Nf5 $2 (33... Bb8 $16 {was necessary.}) 34. Rxa7 Bg3 35. a4 {Threatens to win with a5.} Bxh4 36. b5 Bxg5+ 37. Kb2 Bf6+ $2 (37... Nd4 {keeps fighting.} 38. Kc3 Nxb5+ 39. axb5 cxb5) 38. Ka2 cxb5 {[#]} 39. axb5 (39. c6 $1 $18 bxa4 40. c7) 39... Bd4 {Weighted Error Value: White=0.70/Black=0.70} 1/2-1/2

[Event "Benidorm Open-A 2022"]
[Site "Benidorm"]
[Date "2022.12.06"]
[Round "4.22"]
[White "Ilinca Ilinca, Felix Antonio"]
[Black "Achuthan, Dylan"]
[Result "1-0"]
[ECO "B32"]
[WhiteElo "2233"]
[BlackElo "2050"]
[Annotator "TA"]
[PlyCount "63"]
[EventDate "2022.12.03"]
[EventType "swiss"]
[EventCountry "ESP"]
[SourceTitle "playchess.com"]
[Source "ChessBase"]
[SourceQuality "1"]
[TimeControl "5400+30"]

1. e4 c5 2. Nf3 Nc6 3. d4 cxd4 4. Nxd4 e5 5. Nb5 d6 6. c4 g6 {6...Be6 gains popularity. B32: Sicilian: Löwenthal and Kalashnikov Variations.} 7. N1c3 {[#] Nd5 is the strong threat.} a6 8. Na3 Bg7 {The position is equal.} 9. Nc2 Nf6 10. Be2 O-O 11. Be3 Be6 12. O-O Rc8 13. f3 Nh5 14. Nd5 {[#]} Nd4 $146 ({Predecessor:} 14... Bxd5 15. Qxd5 Nd4 16. Bd3 b5 17. Nxd4 exd4 18. Bg5 Qb6 19. cxb5 Rc5 20. Qb3 Rxg5 21. bxa6 Qxb3 22. axb3 {0-1 (32) Pichot,A (2630)-Giri,A (2780) chess24.com INT 2021}) 15. Nxd4 Bxd5 16. cxd5 {[#] Hoping for Nb3.} (16. exd5 {simplifies} exd4 17. Bxd4 Nf4 18. Bxg7 Kxg7 19. Rf2) 16... exd4 17. Bxd4 (17. Bd2 {simplifies} Qf6 18. Bd3 Nf4 19. Bxf4 Qxf4 20. g3) 17... Bxd4+ 18. Qxd4 Nf4 19. Bd1 (19. Rf2 {simplifies} Qg5 20. Kh1 Nxe2 21. Rxe2 Rc1+ 22. Rxc1 Qxc1+ 23. Qg1) 19... Qg5 (19... Rc2 $1 $14 20. Rf2 (20. Bxc2 $2 Ne2+ 21. Kh1 Nxd4 $19) 20... Rxf2 21. Qxf2 Qg5) 20. g3 $16 Rc2 $2 {Loses the game.} (20... Rfe8 $16 {was worth a try.} 21. Kh1 Nh5) 21. Kh1 $18 (21. Bxc2 $2 Ne2+ 22. Kg2 Nxd4 $19) 21... Rfc8 22. Bxc2 (22. gxf4 $2 Qg2#) 22... Rxc2 23. Rf2 (23. gxf4 $2 Qg2#) 23... Ne2 24. Qb6 Rc1+ 25. Rxc1 ({Don't play} 25. Rf1 Rxa1 26. Rxa1 Qd2 $18) 25... Qxc1+ {[%mdl 4096] Endgame KQR-KQN} 26. Kg2 Qg1+ 27. Kh3 {And now e5 would win.} Nc1 {Prevents e5. Strongly threatening ...Nd3.} 28. Qe3 {Prevents Nd3.} ({And not} 28. Qd8+ Kg7 29. Rg2 Qe3 $11) 28... Nd3 {Against f4} 29. Re2 Qf1+ 30. Kh4 Ne5 31. Rf2 g5+ $2 (31... Qd1 32. g4 h6) 32. Qxg5+ {Weighted Error Value: White=0.04 (flawless) /Black=0.26 (precise)} 1-0

[Event "Benidorm Open-A 2022"]
[Site "Benidorm"]
[Date "2022.12.06"]
[Round "4.23"]
[White "Minnican, Alan"]
[Black "Cherniack, Alex"]
[Result "1/2-1/2"]
[ECO "A13"]
[WhiteElo "2049"]
[BlackElo "2188"]
[Annotator "TA"]
[PlyCount "60"]
[EventDate "2022.12.03"]
[EventType "swiss"]
[EventCountry "ESP"]
[SourceTitle "playchess.com"]
[Source "ChessBase"]
[SourceQuality "1"]
[TimeControl "5400+30"]

1. Nf3 Nf6 2. g3 d5 3. Bg2 c6 4. c4 e6 5. b3 Nbd7 6. Bb2 Bd6 7. cxd5 {A13: English Opening: 1...e6.} exd5 8. O-O O-O 9. d3 {The position is equal.} Re8 10. Nbd2 Nc5 {[#]} 11. Re1 $146 ({Predecessor:} 11. b4 Ne6 12. a3 a5 13. e4 Bf8 14. Qb3 Nc7 15. e5 Nd7 16. d4 axb4 17. axb4 Rxa1 18. Rxa1 {0-1 (43) Butala,M (2109)-Lazar,A (2284) Ljubljana 2005}) 11... a5 12. Qc2 Bf8 13. Nd4 a4 14. e4 axb3 (14... Bd7 {is more complex.} 15. b4 a3 16. Nxc6 Bxc6 17. Bxf6 Qxf6 18. bxc5 Ba4) 15. axb3 Rxa1 16. Bxa1 (16. Rxa1 $11 {should be considered.} Na6 17. Rxa6 bxa6 18. Nxc6) 16... Qb6 (16... Na6 $15) 17. h3 (17. N4f3 $5 ) 17... Na6 18. e5 Nd7 {Strongly threatening ...Nb4.} 19. N2f3 Ndc5 {Prevents e6.} 20. Bf1 Bd7 21. Bc3 Nb4 22. Qd2 Nca6 (22... Ne6 $11) 23. Qf4 {[#] Hoping for Ng5.} (23. Ng5 $5 h6 24. e6 fxe6 25. Ngxe6 $14) 23... c5 24. Nf5 ({Much weaker is} 24. Ng5 Qg6 25. e6 fxe6 $15) (24. e6 $1 $14 Bxe6 25. Nxe6 fxe6 26. Ng5) 24... d4 $36 {[%mdl 2048] Black is more active.} 25. Bd2 (25. Bxb4 $1 $11 Nxb4 26. Ng5 Bxf5 27. Qxf5) 25... Nd5 (25... h6 {is interesting.} 26. Nd6 Bxd6 27. exd6 Rxe1 28. Bxe1 Be6) 26. Qe4 Bxf5 (26... h6 $17 {With the idea ...Nab4.} 27. Qxd5 Bxf5) 27. Qxf5 Qe6 28. Qh5 h6 {Inhibits Ng5.} 29. Qh4 Nac7 30. Qe4 Ra8 {Weighted Error Value: White=0.23 (precise) /Black=0.17 (very precise)} (30... Qb6 $5 ) 1/2-1/2

[Event "Benidorm Open-A 2022"]
[Site "Benidorm"]
[Date "2022.12.06"]
[Round "4.24"]
[White "Slagboom, Leandro"]
[Black "Perez Candelario, Matias"]
[Result "1-0"]
[ECO "B01"]
[WhiteElo "2147"]
[BlackElo "2009"]
[Annotator "TA"]
[PlyCount "39"]
[EventDate "2022.12.03"]
[EventType "swiss"]
[EventCountry "ESP"]
[SourceTitle "playchess.com"]
[Source "ChessBase"]
[SourceQuality "1"]
[TimeControl "5400+30"]

1. e4 d5 2. exd5 Qxd5 3. Nc3 Qa5 4. d4 c6 5. Bd2 Qc7 6. Nf3 {B01: Scandinavian Defence.} Bg4 (6... Nf6 $14 {deserves consideration.}) 7. h3 $16 Bh5 ({Better is} 7... Bxf3 8. Qxf3 e6) 8. g4 $1 {White is more active. White is clearly better.} Bg6 {[#]} 9. Ne5 (9. h4 $1 $18 {[%cal Rh4h5] Strongly threatening h5.} h5 10. Ne5) 9... e6 {[#] Loses the game.} ({Black should play} 9... Nd7 $14) 10. h4 $1 $18 {Hoping for h5.} f6 {Inhibits h5.} 11. Nxg6 hxg6 12. Bd3 {[#]} g5 $146 (12... Bb4 {was called for.} 13. Qe2 (13. Bxg6+ Kd7 $18) 13... Bxc3) ({Predecessor:} 12... Ne7 13. Qe2 Qd6 14. O-O-O Nd7 15. Bc4 e5 16. Ne4 Qc7 17. Bc3 O-O-O 18. dxe5 Nxe5 19. Rxd8+ Qxd8 {1-0 (36) Yapa Bandara,C (1592)-Dilanya,W (1215) Narahenpita 2017}) 13. Bg6+ Kd7 14. Qe2 gxh4 (14... Bb4 $142 15. O-O-O (15. Bf7 Qd6 $16) 15... Bxc3) 15. O-O-O ({Weaker is} 15. Bf7 Kd8 $18) 15... Bb4 $2 {Against d5} (15... Ne7) 16. d5 e5 17. dxc6+ {[%mdl 64] Remove Defender} bxc6 {[#]} 18. Nb5 $1 cxb5 (18... Kc8 19. Bf5+) 19. Bxb4+ {This pair of bishops is nice.} Kc8 20. Bf5+ {Weighted Error Value: White=0.13 (very precise) /Black=1.27} 1-0

[Event "Benidorm Open-A 2022"]
[Site "Benidorm"]
[Date "2022.12.06"]
[Round "4.25"]
[White "Roe, Simon J"]
[Black "Perez Ruiz, Santiago"]
[Result "1-0"]
[ECO "E69"]
[WhiteElo "2146"]
[BlackElo "1966"]
[Annotator "TA"]
[PlyCount "65"]
[EventDate "2022.12.03"]
[EventType "swiss"]
[EventCountry "ESP"]
[SourceTitle "playchess.com"]
[Source "ChessBase"]
[SourceQuality "1"]
[TimeControl "5400+30"]

1. c4 Nf6 2. Nf3 g6 3. g3 d6 4. d4 Bg7 5. Bg2 O-O 6. Nc3 c6 7. O-O Nbd7 8. e4 e5 9. h3 Re8 10. Be3 a5 11. Qc2 Qc7 12. Rad1 {[#] E69: King's Indian: Fianchetto: 6...Nbd7 7 0-0 e5 8 e4 c6 9 h3.} h5 $146 (12... b5 $14) ({Predecessor:} 12... b6 13. Rfe1 Bb7 14. b3 Rad8 15. Qc1 exd4 16. Nxd4 Nc5 17. Bh6 d5 18. Bxg7 Kxg7 19. cxd5 cxd5 20. Nxd5 {½-½ (20) Laylo,D (2428)-Nguyen,N (2641) Ha Long 2022}) 13. c5 (13. Ng5 $16) 13... exd4 ({Better is} 13... d5 $14) 14. cxd6 $18 {White is clearly better.} (14. Bxd4 $6 Nxc5 15. e5 Bf5 $11) 14... Qxd6 15. Nxd4 Qc7 (15... Qe7 $16) 16. Ncb5 Qb8 $16 17. Bf4 Ne5 18. Nf3 $36 {[%mdl 2048] White is in control.} Nfd7 (18... cxb5 $2 19. Nxe5 Rxe5 20. Rd8+ (20. Bxe5 Qxe5 21. Rd8+ Bf8 $18) 20... Kh7 21. Rc1 $18 (21. Bxe5 Qxe5 22. Rxc8 Rxc8 $18)) ({Black should try} 18... Bxh3 19. Bxe5 Rxe5 20. Nxe5 (20. Bxh3 Rxb5 21. e5 Ng4 $17) 20... Qxe5 21. Bxh3 Qxb5) 19. Nd6 {White has more active pieces.} Rf8 (19... Re7 $16) 20. Ng5 Qa7 $2 {[#]} (20... a4 {was necessary.} 21. Rd2 Qc7) 21. Be3 $18 Qb8 (21... b6 {keeps fighting.} 22. f4 Ba6) 22. f4 f6 23. Ne6 Nf7 24. Nxf8 Nxf8 25. Nxf7 Kxf7 26. f5 Kg8 27. Bf4 {Against Qc7} Qa7+ 28. Kh2 g5 29. Bd6 Nd7 30. Qb3+ Kh8 31. Qf7 h4 32. gxh4 gxh4 33. Bf4 {Weighted Error Value: White=0.13 (very precise) /Black=1.05} (33. Rf4 $142 Qe3 34. Rxh4+ Qh6 35. Rxh6+ Bxh6 36. Be7 Bg7 37. e5 Nxe5 38. Qh5+ Kg8 39. Rd8+ Bf8 40. Rxf8+ Kg7 41. Qh8#) 1-0

[Event "Benidorm Open-A 2022"]
[Site "Benidorm"]
[Date "2022.12.06"]
[Round "4.26"]
[White "Gil Lopez, Alejandro"]
[Black "Garcia Callejo, Jesus"]
[Result "1-0"]
[ECO "B01"]
[WhiteElo "2041"]
[BlackElo "2140"]
[Annotator "TA"]
[PlyCount "126"]
[EventDate "2022.12.03"]
[EventType "swiss"]
[EventCountry "ESP"]
[SourceTitle "playchess.com"]
[Source "ChessBase"]
[SourceQuality "1"]
[TimeControl "5400+30"]

1. e4 d5 2. exd5 Qxd5 3. Nc3 Qd6 4. Bc4 Nf6 5. h3 Nc6 6. Nf3 {B01: Scandinavian Defence.} Bf5 7. d3 a6 8. a3 {The position is equal.} e6 9. Be3 Be7 10. Qd2 {[#]} b5 $146 ({Predecessor:} 10... Na5 11. Ba2 Qd8 12. b4 Nc6 13. Bb3 b5 14. O-O h6 15. Ne2 Bd6 16. Nfd4 Nxd4 17. Nxd4 {½-½ (62) Azjargal,E-Boeru,D (1109) Pattaya 2015}) 11. Bb3 Rd8 12. Ne2 e5 13. Ng3 Bg6 14. Nh4 {[#] Black must now prevent Ngf5.} Qd7 {Inhibits Ngf5.} 15. Nxg6 (15. O-O {looks sharper.} O-O 16. Rfd1 Ne4 17. Nxe4 Bxh4 18. Nc5) 15... hxg6 16. Rd1 Nd4 17. Bxd4 exd4 18. Qf4 Bd6 19. Qf3 O-O 20. O-O c5 21. Rfe1 Qc7 22. Ne4 Nxe4 23. Rxe4 c4 24. dxc4 bxc4 25. Ba2 Be5 26. Rxe5 Qxe5 $17 27. Bxc4 a5 ({Black should play} 27... d3 $17 28. Rxd3 Rxd3 29. Qxd3 Qxb2 30. Bxa6 Qa1+ 31. Kh2 Qf6) 28. b3 $11 Qc5 29. a4 Qf5 30. Qxf5 gxf5 $15 {[%mdl 4096] Endgame KRR-KRB} 31. Bb5 Rd6 32. Kf1 Rc8 33. Rd2 g6 34. Ke2 Kg7 35. Bc4 f6 36. Kd3 Re8 37. Bb5 Re7 38. Kc4 Rc7+ 39. Kd3 Rc3+ 40. Ke2 f4 (40... Rd5 $15) 41. Bd3 $1 $11 g5 42. Kf3 Re6 43. Kg4 Re5 44. Bf5 Rcc5 45. Bd3 Rcd5 46. Bc4 Rd6 47. Bd3 Kh6 48. h4 Rdd5 49. hxg5+ fxg5 50. Rd1 Kg7 51. Rh1 Rc5 52. Rh7+ Kf8 53. Rd7 Rcd5 54. Rxd5 Rxd5 {KR-KB} 55. Bf5 $1 Ke7 {Hoping for ...Kf6.} 56. Kxg5 f3 57. g4 {[%cal Bg2g4,Bg4g5,Bg5g6,Bg6g7][%mdl 32] [#] aiming for Kf4.} d3 $1 58. cxd3 Rd4 59. Be4 Kd6 $2 {[%mdl 8192] This costs Black the game.} (59... Rb4 $11) 60. Kf6 $18 {White is clearly winning.} ({Worse is} 60. Bxf3 Rxd3 61. Be4 Rxb3 $11) 60... Kc5 61. g5 {Threatens to win with g6.} (61. Bxf3 Rf4+ 62. Ke5 Rxf3 63. d4+ Kc6 64. d5+ Kc5 $19) 61... Rb4 62. g6 ({Inferior is} 62. Bxf3 Rf4+ 63. Ke6 Rxf3 $11) 62... Rxb3 63. g7 Rb8 {Inhibits g8Q.   Weighted Error Value: White=0.08 (flawless) /Black=0.10 (very precise)} 1-0

[Event "Benidorm Open-A 2022"]
[Site "Benidorm"]
[Date "2022.12.06"]
[Round "4.27"]
[White "Rodriguez Garcia, Manuel Francisco"]
[Black "Parramon Ros, Francesc"]
[Result "1-0"]
[ECO "A36"]
[WhiteElo "2135"]
[BlackElo "2003"]
[Annotator "TA"]
[PlyCount "127"]
[EventDate "2022.12.03"]
[EventType "swiss"]
[EventCountry "ESP"]
[SourceTitle "playchess.com"]
[Source "ChessBase"]
[SourceQuality "1"]
[TimeControl "5400+30"]

1. c4 c5 2. Nc3 Nc6 3. g3 g6 4. Bg2 Bg7 5. a3 d6 6. Rb1 a5 7. d3 e6 8. e4 Nge7 9. Nge2 O-O 10. O-O b6 {A36: Symmetrical English vs ...g6: 4 Bg2 Bg7.} 11. Nb5 e5 {[#]} 12. Nec3 $146 ({Predecessor:} 12. f4 f5 13. Nec3 Kh8 14. fxe5 dxe5 15. Bg5 Qd7 16. Bxe7 Qxe7 17. exf5 Qe8 18. fxg6 Qxg6 19. Rxf8+ Bxf8 {1-0 (24) Lomsadze,D (2272)-Orazov,B Acri 2006}) 12... Nd4 {White has an edge.} 13. Nxd4 cxd4 14. Nb5 Nc6 15. Bd2 Na7 16. a4 Nxb5 17. axb5 f6 18. Ra1 Rb8 19. b4 axb4 20. Bxb4 Rf7 21. Qb3 Bf8 22. Ra4 Kg7 23. Rfa1 Rfb7 24. Ra8 Bd7 25. R8a6 {White is much more active. The black rooks are badly placed.} Qc7 26. R1a4 Be7 27. Qa3 Bc8 28. h4 g5 29. hxg5 fxg5 30. Qc1 Qd7 31. Ra1 (31. Ra8 {keeps more tension.} Rxa8 32. Rxa8 g4 33. Qa1) 31... Qg4 32. Qd1 (32. Ra8 $16) 32... Qxd1+ $11 33. Rxd1 g4 (33... d5 $1 $11 34. Bxe7 Rxe7 35. exd5 Bxa6) 34. Rda1 $36 {[%mdl 2048] White has strong initiative.} Kf7 35. Rf1 (35. R6a3 $16) 35... Be6 (35... d5 $1 $11 {keeps the balance.} 36. Bxe7 Rxe7 37. exd5 Bxa6) 36. f4 gxf3 37. Rxf3+ (37. Bxf3 $5 Kg6 38. Ra2 $16) 37... Ke8 38. Kh2 (38. Rf1 $16) 38... Kd7 (38... Bg4 $11) 39. Bh3 $1 $14 Rg8 (39... Bxh3 $14 40. Kxh3 Ke6) 40. Rf7 $16 Rf8 (40... Bxh3 $16 41. Kxh3 Rh8) 41. Rxf8 $18 Bxf8 42. Ra8 ({Better is} 42. Bf5 $18) 42... Be7 $14 43. Bd2 Bxh3 (43... h5 $1 $14) 44. Kxh3 {[%mdl 4096] Endgame KRB-KRB} Ke6 (44... h5 $16 45. Rh8 Rc7) 45. Bh6 $18 Bf6 46. g4 Rf7 47. Rb8 Be7 {[#]} 48. Kg2 {Inhibits Rf3.} Bh4 49. Rxb6 Rf2+ 50. Kh3 Bd8 51. Rb8 (51. Ra6 $18) 51... Kd7 $16 {Against c5} 52. Kg3 {Inhibits Rf3+.} Rc2 53. Rb7+ Kc8 $2 {[%mdl 8192] A mistake that costs the game.} (53... Ke6 $16) 54. Rxh7 $18 Rc3 55. g5 Rxd3+ 56. Kg4 {[#] Black must now prevent g6.} Rd1 57. Rf7 {Hoping for g6.} Rg1+ 58. Kf5 {Strongly threatening g6.} Rf1+ $2 (58... Rh1) 59. Ke6 Rg1 60. Rf3 ({Less strong is} 60. Kxd6 d3 61. Rf2 (61. Kxe5 $2 {too greedy.} d2 $19) 61... Ba5 $16) 60... Rg4 61. Kxd6 Rxe4 62. g6 {[%cal Bg5g6,Bg6g7][%mdl 32] Intending Rf8 and mate.} Rg4 63. g7 {Rf8 would kill now.} e4 64. Rf8 {Weighted Error Value: White=0.19 (very precise) /Black=0.50} 1-0